 Dungeon Crawl Stone Soup version 0.29-a0-234-g0dae59b3db (webtiles) character file.

Game seed: 5460156541062798022

4696 bande the Fighter (level 10, 0/65 HPs)
             Began as a Gargoyle Fighter on Mar 3, 2022.
             Was a Believer of Okawaru.
             Slain by an ogre
             ... wielding a +0 glaive
              (8 damage)
             ... in a bailey.
             The game lasted 00:13:46 (6052 turns).

bande the Fighter (Gargoyle Fighter)                Turns: 6052, Time: 00:13:46

Health: 0/65       AC: 30    Str: 20    XL:     10   Next: 45%
Magic:  14/15      EV:  9    Int:  9    God:    Okawaru [**....]
Gold:   368        SH:  7    Dex: 13    Spells: 8/9 levels left

rFire   . . .      SeeInvis +   a - +0 war axe
rCold   . . .      Faith    .   c - +0 buckler
rNeg    + . .      Spirit   .   l - +0 crystal plate armour
rPois   ∞          Reflect  .   (no helmet)
rElec   +          Harm     .   q - +0 cloak
rCorr   .          Rampage  .   (no gloves)
Will    .....                   (no boots)
Stlth   ..........              k - amulet of regeneration
HPRegen 1.00/turn               n - ring of see invisible
MPRegen 0.14/turn               o - +4 ring of evasion

@: heroic, attractive, studying Fighting, invisible
A: sickness immunity, AC +7, negative energy resistance 1, electricity
resistance, torment resistance 1, petrification resistance
a: Renounce Religion, Heroism


You were in a bailey.
You worshipped Okawaru.
Okawaru was pleased with you.
You visited 2 branches of the dungeon, and saw 8 of its levels.
You also visited: Bailey.

You collected 368 gold pieces.

Inventory:

Hand Weapons
 a - a +0 war axe (weapon)
 v - a +3 flail of draining
Armour
 c - a +0 buckler (worn)
 l - a +0 crystal plate armour (worn)
 q - a +0 cloak (worn)
 u - a +2 plate armour of fire resistance
Jewellery
 e - a ring of fire
 k - an amulet of regeneration (around neck)
 n - a ring of see invisible (left hand)
 o - a +4 ring of evasion (right hand)
Wands
 t - a wand of flame (14)
Scrolls
 b - a scroll of fog
 g - 2 scrolls of blinking
 h - a scroll of amnesia
 j - a scroll of magic mapping
 m - 2 scrolls of identify
 p - 2 scrolls of summoning
 x - a scroll of immolation {unknown}
Potions
 d - a potion of resistance
 f - 2 potions of haste
 i - a potion of brilliance
 r - 2 potions of magic
 w - 2 potions of attraction


   Skills:
 + Level 8.8(13.8) Fighting
 + Level 8.0(13.0) Axes
 - Level 0.7(10.5) Maces & Flails
 - Level 0.4(9.9) Polearms
 + Level 6.9(11.9) Armour
 - Level 0.1(5.1) Stealth
 + Level 6.3(11.3) Shields
 * Level 6.3 Translocations
 * Level 6.8 Invocations
 * Level 5.6 Evocations


You had 8 spell levels left.
You knew the following spells:

 Your Spells              Type           Power      Damage    Failure   Level
a - Apportation           Tloc           22%        N/A       96%         1

Your spell library contained the following spells:

 Spells                   Type           Power      Damage    Failure   Level
 Slow                     Hex            0%         N/A       100%        1
 Static Discharge         Conj/Air       0%         N/A       100%        2
 Confusing Touch          Hex            0%         N/A       100%        3
 Ignite Poison            Fire/Tmut/Pois 0%         N/A       100%        3
 Mephitic Cloud           Conj/Pois/Air  0%         N/A       100%        3
 Vampiric Draining        Necr           0%         2d6       100%        3
 Dispel Undead            Necr           0%         3d6       100%        4
 Sticky Flame             Conj/Fire      0%         2d3       100%        4
 Alistair's Intoxication  Tmut/Pois      0%         N/A       100%        5
 Freezing Cloud           Conj/Ice/Air   0%         6-21      100%        5
 Yara's Violent Unravell  Hex/Tmut       0%         3d3       100%        5
 Enfeeble                 Hex            0%         N/A       100%        7


Dungeon Overview and Level Annotations

Branches:
Dungeon (8/15)             Temple (1/1) D:5            Lair (0/6) D:8
 Bailey (1/1)

Altars:
Ashenzari
Dithmenos
Hepliaklqana
Makhleb
Nemelex Xobeh
Okawaru
Sif Muna
Vehumet
The Shining One

Shops:
D:4 ((   D:8 *


Innate Abilities, Weirdness & Mutations

You are immune to sickness and miasma.
Your stone body is resilient. (AC +7)
You are immune to poison.
You resist negative energy. (rN+)
You are resistant to electric shocks. (rElec)
You are resistant to unholy torment.
You are immune to petrification.


Message History

The ogre hits you from afar with a +0 glaive!
You block the ogre's attack.
Unknown command.
You slash the ogre!
The ogre is severely wounded.
You slash the ogre! You barely miss the ogre. You block the ogre's attack.
An ogre comes into view. It is wielding a +0 halberd.
The ogre barely misses you. x2
Unknown command.
You barely miss the ogre.
The ogre is severely wounded.
You hit the ogre. You slash the ogre!
You kill the ogre!
Okawaru accepts your kill.
The ogre hits you from afar with a +0 glaive.
The ogre closely misses you. The ogre barely misses you.
An ogre comes into view. It is wielding a +0 halberd.
The ogre hits you but does no damage.
The spriggan splashes around in the water.
The ogre hits you but does no damage.
The ogre hits you from afar with a +0 glaive.
* * * LOW HITPOINT WARNING * * *
Things that are here:
a +0 halberd; an ogre corpse The ogre shouts!
The ogre hits you with a +0 glaive!
* * * LOW HITPOINT WARNING * * *
The spriggan closely misses you. The ogre closely misses you. x2
You block the ogre's attack.
Unknown command.
It was a potion of invisibility.
You fade into invisibility!
The spriggan splashes around in the water.
The ogre hits you but does no damage. You block the ogre's attack.
It was a potion of attraction.
You feel attractive to monsters. The ogre hits you but does no damage.
The spriggan splashes around in the water.
The ogre hits you from afar with a +0 glaive!
You die...

..# ##.## #..#
##...## #..##
#.....#
#..###.....##
#.O≈≈≈..∩...#
#..O≈≈......#
#..≈i≈......#
#..≈O≈).....#
#..≈O≈@.∩...#
#♣..###OO...##
##..## #.....#
#..## ##...##
♣.)## ##.##
...## ###
....# #####


You could see 6 ogres and a spriggan.

Vanquished Creatures
  Pikel (D:4)
  A wyvern (D:8)
  The ghost of Deaus the Conjurer, an amateur VSCj (D:5)
  A vampire mosquito (D:5)
  2 steam dragons
  Edmund (D:5)
  A water moccasin (D:5)
  2 black bears
  2 ogres (Bailey)
  A centaur (D:8)
  4 lemures (D:4)
  A phantom (D:5)
  A necrophage (D:6)
  7 scorpions
  2 hounds
  Terence (D:2)
  A gnoll shaman (D:6)
  An orc wizard (D:8)
  2 iguanas
  5 adders
  9 gnolls
  An ufetubus (D:5)
  A worm (D:2)
  A dart slug (D:3)
  14 orcs
  4 endoplasms
  8 giant cockroaches
  8 goblins
  7 hobgoblins
  A quokka (D:3)
  9 ball pythons
  4 bats
  2 frilled lizards (D:2)
  11 kobolds
  4 rats
  A spectral goblin (D:1)
123 creatures vanquished.

Vanquished Creatures (others)
  16 fungi (D:8)
  13 plants (D:8)
29 creatures vanquished.

Grand Total: 152 creatures vanquished

Notes
Turn   | Place    | Note
-------+----------+-------------------------------------------
     0 | D:1      | bande the Gargoyle Fighter began the quest for the Orb.
     0 | D:1      | Reached XP level 1. HP: 14/14 MP: 1/1
   115 | D:1      | Reached XP level 2. HP: 19/19 MP: 2/2
   115 | D:1      | Identified a scroll of acquirement
   115 | D:1      | Acquired a manual of Fighting
   452 | D:1      | Found a faded altar of an unknown god.
   967 | D:1      | Reached XP level 3. HP: 23/23 MP: 3/3
  1180 | D:2      | Noticed Terence
  1193 | D:2      | Killed Terence
  1194 | D:2      | Reached XP level 4. HP: 17/29 MP: 4/4
  2138 | D:3      | Learned a level 1 spell: Apportation
  2536 | D:4      | Found Poderov's Weapon Boutique.
  2648 | D:4      | Reached XP level 5. HP: 33/33 MP: 5/5
  2655 | D:4      | Reached skill level 1 in Translocations
  2684 | D:4      | Found Petur's Weapon Boutique.
  2729 | D:4      | Noticed a steam dragon
  2737 | D:4      | HP: 1/33 [steam dragon] (4)]
  2738 | D:4      | Killed a steam dragon
  2739 | D:4      | Reached XP level 6. HP: 4/39 MP: 6/6
  3377 | D:5      | Entered Level 5 of the Dungeon
  3377 | D:5      | Noticed Edmund
  3410 | D:5      | Killed Edmund
  3411 | D:5      | Reached XP level 7. HP: 29/44 MP: 7/7
  3672 | D:5      | Found a shimmering blue altar of Sif Muna.
  3781 | D:5      | Reached skill level 5 in Axes
  3802 | D:5      | Found a staircase to the Ecumenical Temple.
  3811 | Temple   | Entered the Ecumenical Temple
  3817 | Temple   | Became a worshipper of Warmaster Okawaru
  3893 | D:5      | Found a runed translucent door.
  3895 | D:5      | Found a runed translucent door.
  3898 | D:5      | Noticed a vampire mosquito
  3941 | D:5      | Reached skill level 5 in Fighting
  4062 | D:5      | Found a runed translucent gate.
  4062 | D:5      | Found a runed translucent gate.
  4063 | D:5      | Found a runed translucent gate.
  4063 | D:5      | Noticed Deaus's ghost (amateur VSCj)
  4269 | D:5      | Noticed Pikel
  4416 | D:4      | Killed Pikel
  4417 | D:4      | Reached skill level 1 in Evocations
  4417 | D:4      | Reached XP level 8. HP: 19/50 MP: 7/9
  4621 | D:5      | Reached * piety under Okawaru
  4622 | D:5      | Reached skill level 5 in Armour
  5263 | D:5      | Killed Deaus's ghost
  5264 | D:5      | Reached XP level 9. HP: 53/55 MP: 11/11
  5465 | D:6      | Reached ** piety under Okawaru
  5525 | D:6      | Identified the +3 scale mail "Jinat" {rPois}
  5528 | D:6      | Reached skill level 5 in Evocations
  5528 | D:6      | Reached XP level 10. HP: 65/65 MP: 11/14
  5703 | D:6      | Found a sparkling altar of Nemelex Xobeh.
  5724 | D:6      | You fall into a shaft and drop 2 floors!
  5724 | D:8      | Found a radiant altar of Vehumet.
  5724 | D:8      | Found a hazy altar of Hepliaklqana.
  5909 | D:8      | Found Dafifrulo's Elemental Accessories.
  5973 | D:8      | Found a flagged portal.
  6012 | Bailey   | Entered a bailey
  6052 | Bailey   | Slain by an ogre

Illustrated notes

Levels and vault maps discovered:
D:1:      evilmike_arrival_rings, layout_loops_cross,
          dreamdust_ecumenical_altar_drowned_temple, st_stairs_12
D:2:      layout_loops_ring, uniq_terence
D:3:      layout_rooms, minivault_5
D:4:      layout_cave_pools, serial_rivers, chequers_serial_rivers_marsh,
          chequers_serial_rivers_micro_c, chequers_serial_rivers_marsh,
          chequers_serial_rivers_marsh, serial_shops, shop, nicolae_square_shop
D:5:      lemuel_insect_pit, layout_gridville, mainiacjoe_overflow_24_doors,
          minmay_temple_entry_butterflies, ebering_ghost_rock_garden,
          uniq_edmund, uniq_pikel
D:6:      layout_basic, nemelex_altar_shiori
D:8:      layout_loops_ring, grunt_temple_overflow_open,
          grunt_lair_entry_orc_guard_hut, enter_bailey_5, special_room
          [special_room_orc], nicolae_elemental_shop
Temple:   eino_wide_crystal_templ
Bailey:   bailey_polearm_enchanted_keep_hellmonk, bailey

Skill      XL: |  1  2  3  4  5  6  7  8  9 10 |
---------------+-------------------------------+-----
Axes           | 2 3 4 5 6 7 8 |  8.0
Armour         | 4 5 6 |  6.9
Fighting       | 4 5 6 8 |  8.8
Translocations | 1 2 3 6 |  6.3
Shields        | 4 6 |  6.3
Invocations    | 2 3 6 |  6.8
Evocations     | 1 2 5 |  5.6
Maces & Flails | |  0.7
Polearms       | |  0.4
Stealth        | |  0.1

Action                   |  1- 3 |  4- 6 |  7- 9 | 10-12 || total
-------------------------+-------+-------+-------+-------++-------
Melee: War axe           |    83 |   134 |   180 |    77 ||   474
Invok: Heroism           |       |       |       |     1 ||     1
  Use: Scroll            |     3 |     8 |     4 |     1 ||    16
       Potion            |       |     1 |     1 |     2 ||     4
Armor: Scale mail        |    50 |    14 |       |       ||    64
       Crystal plate arm |       |   110 |   237 |   113 ||   460
Dodge: Dodged            |    50 |    32 |    22 |    44 ||   148
Block: Buckler           |    15 |    29 |    57 |    50 ||   151

Table legend: (Time is in decaauts)
 A = Elapsed time spent in this place.
 B = Non-inter-level travel time spent in this place.
 C = Inter-level travel time spent in this place.
 D = Time resting spent in this place.
 E = Time spent auto-exploring this place.
 F = Levels seen in this place.
 G = Mean time per level.
                   A        B        C        D        E       F      G
               +--------+--------+--------+--------+--------+-----+--------+
         Total |   6205 |   6001 |    204 |   1290 |   3150 |   9 |  689.4 |
       Dungeon |   6144 |   5940 |    204 |   1290 |   3140 |   7 |  877.7 |
        Temple |     16 |     16 |      0 |      0 |      1 |   1 |   16.0 |
        Bailey |     43 |     43 |      0 |      0 |      8 |   1 |   43.0 |
               +--------+--------+--------+--------+--------+-----+--------+

Top non-repeatable levels by time:
     D:5: 1791 daAuts
     D:4: 1138 daAuts
     D:1: 1045 daAuts
     D:2: 1010 daAuts
     D:3: 545 daAuts
     D:6: 317 daAuts
     D:8: 296 daAuts
  Bailey: 43 daAuts
  Temple: 16 daAuts
